 Dungeon Crawl Stone Soup version 0.29.1-12-g30fa7ad0bf (webtiles) character file.

Game seed: 970920061840360749

5166 KittyFluff the Protected (level 10, -3/91 HPs)
             Began as a Gargoyle Berserker on Jan 9, 2023.
             Was an Elder of Trog.
             Killed from afar by a rime drake (22 damage)
             ... with a flash freeze
             ... on level 9 of the Dungeon.
             The game lasted 00:35:33 (7371 turns).

KittyFluff the Protected (Gargoyle Berserker)       Turns: 7371, Time: 00:35:33

Health: -3/91      AC: 25    Str: 22    XL:     10   Next: 59%
Magic:  10/10      EV: 13    Int:  7    God:    Trog [****..]
Gold:   435        SH:  6    Dex: 13    Spells: 9/9 levels left

rFire   + . .      SeeInvis .   a - +1 mace (protect)
rCold   . . .      Faith    .   s - +0 buckler
rNeg    + . .      Spirit   .   G - +4 leather armour of the Slug {Contam Will+ rCorr}
rPois   ∞          Reflect  .   B - +0 helmet
rElec   +          Harm     .   (no cloak)
rCorr   +          Rampage  .   (no gloves)
Will    +....                   n - +0 pair of boots
Stlth   ..........              D - amulet of regeneration
HPRegen 1.05/turn               g - +4 ring of slaying
MPRegen 0.12/turn               l - ring of protection from fire

@: berserking (expiring), under a protective aura, very quick
A: sickness immunity, AC +7, negative energy resistance 1, electricity
resistance, torment resistance 1, petrification resistance
a: Renounce Religion, Berserk, Trog's Hand, Brothers in Arms


You were on level 9 of the Dungeon.
You worshipped Trog.
Trog was greatly pleased with you.
You visited 1 branch of the dungeon, and saw 9 of its levels.

You collected 435 gold pieces.

Inventory:

Hand Weapons
 a - a +1 mace of protection (weapon)
 u - a +0 sling
 F - a +1 antimagic spear
 I - a +0 morningstar
Missiles
 j - 93 stones (quivered)
 z - 6 boomerangs
 E - 3 silver boomerangs
 Q - 16 poisoned darts
Armour
 m - a +0 ring mail
 n - a +0 pair of boots (worn)
 o - the +0 leather armour of the Wasteland {rCorr}
   (You found it on level 8 of the Dungeon)

   rCorr:     It protects you from acid and corrosion.
 s - a +0 buckler (worn)
 B - a +0 helmet (worn)
 C - a +0 chain mail
 G - the +4 leather armour of the Slug (worn) {Contam Will+ rCorr}
   (You found it on level 4 of the Dungeon)

   Contam:    It causes magical contamination when unequipped.
   rCorr:     It protects you from acid and corrosion.
   Will:      It increases your willpower.
Jewellery
 c - a ring of protection from fire
 g - a +4 ring of slaying (left hand)
 l - a ring of protection from fire (right hand)
 D - an amulet of regeneration (around neck)
Wands
 K - a wand of flame (10)
 L - a wand of mindburst (25)
 M - a wand of polymorph (7)
Scrolls
 b - 3 scrolls of fog {unknown}
 d - 3 scrolls of enchant armour {unknown}
 h - a scroll of silence {unknown}
 i - 2 scrolls of poison {unknown}
 k - a scroll of summoning {unknown}
 q - 4 scrolls of blinking {unknown}
 t - a scroll of noise {unknown}
 v - a scroll of fear {unknown}
 w - 2 scrolls of magic mapping {unknown}
 y - 4 scrolls of teleportation {unknown}
 A - a scroll of amnesia {unknown}
Potions
 e - 4 potions of berserk rage
 f - 5 potions of curing
 p - a potion of flight
 r - 5 potions of invisibility
 x - 3 potions of haste
 H - a potion of lignification
 J - a potion of heal wounds
 N - 2 potions of resistance
 O - 2 potions of mutation {unknown}
 P - 3 potions of degeneration {unknown}
 R - a potion of might {unknown}


   Skills:
 + Level 6.8 Fighting
 + Level 6.2 Maces & Flails
 * Level 8.9 Armour
 + Level 4.8 Dodging
 + Level 6.0 Stealth
 * Level 8.3 Shields


You had 9 spell levels left.
You didn't know any spells.
Your spell library was empty.

Dungeon Overview and Level Annotations

Branches:
Dungeon (9/15)             Temple (0/1) D:7
   Lair: D:8-11         Orc: D:9-12

Altars:
Elyvilon
Kikubaaqudgha
Wu Jian
Yredelemnul

Shops:
D:4 (!*:(


Innate Abilities, Weirdness & Mutations

You are immune to sickness and miasma.
Your stone body is resilient. (AC +7)
You are immune to poison.
You resist negative energy. (rN+)
You are resistant to electric shocks. (rElec)
You are resistant to unholy torment.
You are immune to petrification.


Message History

You block the ice devil's attack.
The deep elf pyromancer hits you but does no damage.
You barely miss the deep elf pyromancer.
The deep elf pyromancer is severely wounded.
You miss the deep elf pyromancer.
The deep elf pyromancer is severely wounded.
The ice devil hits you but does no damage.
The deep elf pyromancer points at you and mumbles some strange words.
The sticky flame hits you but does no damage.
You are covered in liquid flames!
You sock the deep elf pyromancer!
You kill the deep elf pyromancer!
Trog accepts your kill.
Trog appreciates your killing of a magic user.
The fire elemental disappears in a puff of smoke! x2
You are covered in liquid flames!
* * * LOW HITPOINT WARNING * * *
The ice devil hits you but does no damage.
Your Stealth skill increases to level 6!
You closely miss the ice devil.
The ice devil is heavily wounded.
You are covered in liquid flames!
* * * LOW HITPOINT WARNING * * *
You sock the ice devil!
The ice devil is severely wounded.
You are covered in liquid flames!
* * * LOW HITPOINT WARNING * * *
The ice devil hits you but does no damage.
You hit the ice devil.
The ice devil is almost dead.
The ice devil hits you but does no damage.
You hit the ice devil.
The ice devil is almost dead.
The ice devil hits you but does no damage.
You thump the ice devil!
You kill the ice devil!
Trog accepts your kill. The rime drake breathes ice at you.
The flash freeze hits you!!
You die...

#..#.....##.## #### #.
#........##.# #≈#### ##
#..)........# #≈≈≈###
##.#.######## ##≈≈§≈§#
##.#.# ########§≈§#
.....######..)#..##§#
.#..........##....##
.#.##########...).###
.#.# ##...@##.## ...##
#.##..#'u.§+# ....####
#...####k...§#
.......##..§..##°......#
....######...# ##.....##
..[....).##.# #'...+#
.#........## .##.##
##.#####.## k ## #.# . .


You could see a white ugly thing and a rime drake (catching breath).

Vanquished Creatures
  A deep elf pyromancer (D:9)
  A gargoyle (D:9)
  An ice devil (D:9)
  A troll (D:7)
  6 yaks (D:9)
  2 wyverns
  A fire elemental (D:9)
  Duvessa (D:6)
  3 water moccasins
  An orc warrior (D:8)
  4 ice beasts
  2 ogres
  A centaur (D:7)
  A kobold brigand (D:9)
  3 bullfrogs
  A necrophage (D:6)
  3 scorpions
  4 wights (D:9)
  Dowan (D:6)
  8 killer bees (D:9)
  An electric eel (D:9)
  A howler monkey (D:7)
  3 hounds
  2 orc priests (D:8)
  3 jellies
  A gnoll bouda (D:9)
  2 iguanas
  Ijyb (D:5)
  3 orc wizards
  Robin (D:3)
  7 adders
  7 gnolls
  2 white imps (D:7)
  2 ufetubi
  5 worms
  3 dart slugs
  17 orcs
  8 ball pythons
  2 bats
  10 endoplasms
  7 giant cockroaches
  13 goblins
  10 hobgoblins
  4 jackals (D:1)
  4 quokkas
  2 training dummies (D:6)
  2 frilled lizards
  8 kobolds
  8 rats
  A spectral goblin (D:1)
186 creatures vanquished.

Notes
Turn   | Place    | Note
-------+----------+-------------------------------------------
     0 | D:1      | KittyFluff the Gargoyle Berserker began the quest for the
                  | Orb.
     0 | D:1      | Reached XP level 1. HP: 14/14 MP: 1/1
    55 | D:1      | Reached XP level 2. HP: 16/19 MP: 2/2
   459 | D:1      | Reached XP level 3. HP: 18/23 MP: 3/3
   517 | D:1      | Found a faded altar of an unknown god.
   547 | D:1      | Reached ** piety under Trog
   958 | D:2      | Reached XP level 4. HP: 27/29 MP: 4/4
  1866 | D:3      | You fall into a shaft and drop 2 floors!
  1866 | D:5      | Entered Level 5 of the Dungeon
  1919 | D:5      | Reached skill level 1 in Shields
  1919 | D:5      | Reached XP level 5. HP: 27/33 MP: 5/5
  2256 | D:4      | Reached skill level 1 in Stealth
  2347 | D:3      | Noticed Robin
  2378 | D:3      | Killed Robin
  2434 | D:3      | Reached *** piety under Trog
  2435 | D:3      | Reached XP level 6. HP: 38/38 MP: 6/6
  3042 | D:4      | Identified the +4 leather armour of the Slug {Contam Will+
                  | rCorr}
  3062 | D:4      | Found Koicacsi's Book Emporium.
  3243 | D:4      | Found Ireajecs's Distillery.
  3259 | D:4      | Found Kaxogix's Weapon Shoppe.
  3434 | D:4      | Found Usony's Antique Weapon Emporium.
  3514 | D:4      | Found Gatoso's General Store.
  3962 | D:5      | Reached XP level 7. HP: 44/44 MP: 7/7
  4001 | D:5      | Noticed Ijyb
  4011 | D:5      | Killed Ijyb
  4403 | D:6      | Reached skill level 5 in Armour
  4740 | D:6      | Noticed Duvessa
  4740 | D:6      | Noticed Dowan
  4749 | D:6      | Killed Duvessa
  4750 | D:6      | Reached XP level 8. HP: 38/48 MP: 8/8
  4752 | D:6      | Killed Dowan
  4765 | D:6      | Reached **** piety under Trog
  4917 | D:7      | Reached skill level 5 in Fighting
  5020 | D:7      | Noticed a troll
  5029 | D:7      | Killed a troll
  5030 | D:7      | Reached skill level 5 in Shields
  5281 | D:7      | Reached skill level 5 in Maces & Flails
  5281 | D:7      | Reached XP level 9. HP: 54/54 MP: 9/9
  5314 | D:7      | Found a staircase to the Ecumenical Temple.
  5463 | D:7      | Found an ancient bone altar of Kikubaaqudgha.
  5465 | D:7      | Found an ornate altar of the Wu Jian Council.
  5465 | D:7      | Found a basalt altar of Yredelemnul.
  5941 | D:8      | Identified the +0 leather armour of the Wasteland {rCorr}
  6033 | D:8      | Found a white marble altar of Elyvilon.
  6493 | D:9      | Reached skill level 5 in Stealth
  6510 | D:9      | Reached XP level 10. HP: 61/61 MP: 10/10
  7179 | D:9      | Reached ***** piety under Trog
  7276 | D:9      | Noticed a gargoyle
  7296 | D:9      | Killed a gargoyle
  7341 | D:9      | Noticed a deep elf pyromancer
  7351 | D:9      | Noticed a white ugly thing
  7366 | D:9      | Killed a deep elf pyromancer
  7371 | D:9      | Killed from afar by a rime drake

Illustrated notes

Levels and vault maps discovered:
D:1:      elethiomel_arrival_quiet, layout_loops_ring,
          dreamdust_ecumenical_altar_drowned_temple, corner_web_ring
D:2:      layout_basic
D:3:      layout_basic, uniq_robin
D:4:      layout_basic, serial_shops, nicolae_shop_hallway_plus,
          nicolae_shop_hallway_plus, nicolae_shop_bloodbath_and_beyond,
          nicolae_shop_stone, shop
D:5:      nicolae_cairo_tiling_very_big, layout_basic,
          chequers_serial_rivers_micro_d, roderic_serpentine_path, uniq_ijyb
D:6:      dreamdust_elfheim, layout_basic, minmay_misc_feat_hallway
D:7:      layout_basic, grunt_temple_overflow_open,
          minmay_temple_entry_steel_oval, kennysheep_doodads,
          hangedman_decor_push
D:8:      layout_cave_pods, elyvilon_altar_5
D:9:      layout_loops_ring, serial_park_tiny_2, kennysheep_cross_room,
          dilly_guarded_unrand_elemental_staff

Skill      XL: |  1  2  3  4  5  6  7  8  9 10 |
---------------+-------------------------------+-----
Armour         | 3 4 5 6 8 |  8.9
Dodging        | 2 3 4 |  4.8
Shields        | 1 2 3 4 5 7 8 |  8.3
Fighting       | 4 5 6 |  6.8
Stealth        | 1 3 4 5 6 |  6.0
Maces & Flails | 4 5 6 |  6.2

Action                   |  1- 3 |  4- 6 |  7- 9 | 10-12 || total
-------------------------+-------+-------+-------+-------++-------
Melee: Mace              |    83 |   198 |   263 |   181 ||   725
Throw: Stone             |       |    10 |     8 |     1 ||    19
Invok: Berserk           |       |     1 |     2 |     2 ||     5
  Use: Scroll            |       |     7 |     2 |       ||     9
 Stab: Sleeping          |       |     1 |     1 |       ||     2
Armor: Animal skin       |    28 |    10 |       |       ||    38
       Leather armour    |       |    79 |   157 |    94 ||   330
Dodge: Dodged            |    75 |   103 |   164 |   114 ||   456
Block: Buckler           |       |    26 |    66 |    58 ||   150
